 Dungeon Crawl Stone Soup version 0.31-a0-538-gbc85326fa9 (webtiles) character file.

Game seed: 17394221499534525916

646221 arthad the Impregnable (level 27, -1/204 (237) HPs)
             Began as a Formicid Fighter on Aug 13, 2023.
             Was the Champion of Cheibriados.
             Engulfed by an ushabti's foul pestilence (6 damage)
             ... on level 3 of the Tomb of the Ancients.
             The game lasted 02:50:04 (55172 turns).

arthad the Impregnable (Formicid Fighter)          Turns: 55172, Time: 02:50:05

HP:   -1/204 (237)  AC: 48    Str: 57 (60) XL:     27
MP:   35/35         EV: 22    Int: 27      God:    Cheibriados [******]
Gold: 7251          SH: 24    Dex: 26      Spells: 26/26 levels left

rFire   + . .        V - +8 frozen axe "Frostbite" {freeze, freezing cloud, *Noise Fly rC+}
rCold   + + .        q - +5 Storm Queen's Shield {shock, Fly rElec}
rNeg    . . .        W - +8 orange crystal plate armour {Archmagi, Int+3 Clar}
rPois   +            (helmet unavailable)
rElec   +            w - +2 cloak {rCorr}
rCorr   +            D - +0 pair of gloves "Tethef" {Will+ Str+3 Stlth+}
SInv    +            f - +2 pair of boots of the Rose {rF+ Will++ Str+2 Int-5}
Will    +++++        T - amulet of regeneration
Stlth   x              - ring of poison resistance
HPRegen 1.34/turn    J - ring "Yxel" {rC+ Str+5 Int+6}
MPRegen 0.24/turn

%: clarity, archmagi
@: mighty, marked, flying, heavily drained, very slow
A: permanent stasis, dig shafts and tunnels, antennae 3, four strong arms,
camouflage 1, clumsy 1
}: 5/15 runes: decaying, slimy, silver, abyssal, gossamer
a: Dig, Shaft Self, Renounce Religion, Bend Time, Temporal Distortion, Slouch,
Step From Time


You were on level 3 of the Tomb of the Ancients.
You worshipped Cheibriados.
Cheibriados was exalted by your worship.
You visited 13 branches of the dungeon, and saw 55 of its levels.
You visited the Abyss 2 times.
You also visited: Sewer, Bailey, Gauntlet, Ice Cave and Desolation.

You collected 8281 gold pieces.
You spent 1030 gold pieces at shops.

Inventory:

Hand Weapons
 S - the +8 autumn katana {manifold assault}
   (You took it off a deep elf demonologist on level 3 of the Elven Halls)
 V - the +8 frozen axe "Frostbite" (weapon) {freeze, freezing cloud, *Noise Fly rC+}
   (You found it on level 13 of the Dungeon)

   rC+:       It protects you from cold.
   Fly:       It grants you flight.
   *Noise:    It may make a loud noise when swung.
Missiles
 g - 3 atropa-tipped darts
 t - 83 poisoned darts
 Z - 10 javelins (quivered)
Armour
 b - a scarf of resistance
 e - the +2 pair of boots of the Tundras {*Corrode rElec rC+ Int+2}
   (You found it on level 5 of the Vaults)

   Int+2:     It affects your intelligence (+2).
   rC+:       It protects you from cold.
   rElec:     It insulates you from electricity.
   *Corrode:  It may corrode you when you take damage.
 f - the +2 pair of boots of the Rose (worn) {rF+ Will++ Str+2 Int-5}
   (You found it on level 5 of the Vaults)

   Str+2:     It affects your strength (+2).
   Int-5:     It affects your intelligence (-5).
   rF+:       It protects you from fire.
   Will++:    It greatly increases your willpower.
 q - the +5 Storm Queen's Shield (worn) {shock, Fly rElec}
   (You acquired it on level 6 of the Dungeon)

   Shock:     When it blocks an attack, it may electrocute the attacker.
   This works even against foes who are a short distance away.
   rElec:     It insulates you from electricity.
   Fly:       It grants you flight.
 w - a +2 cloak of preservation (worn)
 y - a +2 pair of gloves of infusion
 A - the +9 scales of the Dragon King {rPois rF+ rC+ Will+}
   (You took it off a deep elf high priest on level 3 of the Elven Halls)

   rF+:       It protects you from fire.
   rC+:       It protects you from cold.
   rPois:     It protects you from poison Will+: It increases your willpower.
 D - the +0 pair of gloves "Tethef" (worn) {Will+ Str+3 Stlth+}
   (You found it on level 3 of the Elven Halls)

   Str+3:     It affects your strength (+3).
   Will+:     It increases your willpower.
   Stlth+:    It makes you more stealthy.
 W - the +8 orange crystal plate armour (worn) {Archmagi, Int+3 Clar}
   (You took it off a tengu warrior on level 1 of the Depths)

   Int+3:     It affects your intelligence (+3).
   Clar:      It protects you from confusion, rage, mesmerisation and fear.
Jewellery
 m - the ring "Lyqapa" {rF+ Slay+3}
   (You took it off a deep elf archer on level 3 of the Elven Halls)

   [ring of protection from fire]

   Slay+3:    It affects your accuracy & damage with ranged weapons and melee
   (+3).
   rF+:       It protects you from fire.
 x - a ring of poison resistance (left hand)
 J - the ring "Yxel" (right hand) {rC+ Str+5 Int+6}
   (You took it off an ironbound preserver on level 4 of the Vaults)

   [ring of protection from cold]

   Str+5:     It affects your strength (+5).
   Int+6:     It affects your intelligence (+6).
   rC+:       It protects you from cold.
 M - the amulet of Tumaid {Reflect rF+ SH+5}
   (You took it off a yaktaur on level 5 of the Vaults)

   [amulet of reflection]

   Reflect:   It reflects blocked missile attacks.
   rF+:       It protects you from fire.
   SH+5:      It affects your SH (+5).
 T - an amulet of regeneration (around neck)
 U - a +6 ring of strength
Wands
 i - a wand of digging (18)
 p - a wand of flame (137)
 s - a wand of polymorph (35)
 u - a wand of light (49)
 K - a wand of iceblast (60)
 Q - a wand of paralysis (48)
 R - a wand of mindburst (81)
Scrolls
 a - 4 scrolls of enchant weapon
 h - 5 scrolls of enchant armour
 j - 10 scrolls of poison
 k - 4 scrolls of brand weapon
 n - a scroll of silence
 B - 3 scrolls of summoning
 C - 3 scrolls of revelation
 E - 6 scrolls of fear
 F - 7 scrolls of fog
 H - 7 scrolls of immolation
Potions
 d - 11 potions of might
 l - 13 potions of ambrosia
 o - 4 potions of cancellation
 r - 10 potions of enlightenment
 G - 27 potions of curing
 I - 9 potions of mutation
 N - 5 potions of brilliance
 O - 2 potions of resistance
 P - 7 potions of magic
Miscellaneous
 c - a phial of floods
 v - a phantom mirror (inert)
 z - a sack of spiders (inert)
 X - a lightning rod (4/4)
 Y - a condenser vane (inert)


   Skills:
 * Level 23.9 Fighting
 * Level 21.9 Axes
 - Level 13.8 Throwing
 * Level 25.2 Armour
 + Level 14.8 Dodging
 + Level 22.6 Shields
 + Level 17.5 Invocations
 + Level 13.6 Evocations


You had 26 spell levels left.
You didn't know any spells.
Your spell library contained the following spells:

 Spells                   Type           Power      Damage    Failure   Level
 Apportation              Tloc           0%         N/A       34%         1
 Foxfire                  Conj/Fire      0%         2x1d4     34%         1
 Freeze                   Ice            0%         1d3       34%         1
 Kiss of Death            Conj/Necr      0%         2d5       34%         1
 Magic Dart               Conj           0%         1d3       34%         1
 Necrotise                Necr           0%         1d4       34%         1
 Sandblast                Erth           0%         2d4       34%         1
 Slow                     Hex            0%         N/A       34%         1
 Sting                    Tmut/Pois      0%         1d3       34%         1
 Summon Small Mammal      Summ           0%         N/A       34%         1
 Cigotuvi's Dreadful Rot  Necr/Pois/Air  0%         N/A       45%         2
 Ensorcelled Hibernation  Hex/Ice        0%         N/A       45%         2
 Lesser Beckoning         Tloc           0%         N/A       45%         2
 Momentum Strike          Conj/Tloc      0%         3d8       45%         2
 Passwall                 Tmut/Erth      0%         N/A       45%         2
 Poisonous Vapours        Pois/Air       0%         N/A       45%         2
 Searing Ray              Conj           0%         2d4       45%         2
 Confusing Touch          Hex            0%         N/A       71%         3
 Dazzling Flash           Conj/Hex       0%         N/A       71%         3
 Frozen Ramparts          Ice            0%         1d1       71%         3
 Gell's Gravitas          Tloc           0%         N/A       71%         3
 Hailstorm                Conj/Ice       0%         3d3       71%         3
 Ignite Poison            Fire/Tmut/Pois 0%         N/A       71%         3
 Inner Flame              Hex/Fire       0%         N/A       71%         3
 Mephitic Cloud           Conj/Pois/Air  0%         N/A       71%         3
 Ozocubu's Armour         Ice            0%         N/A       71%         3
 Stone Arrow              Conj/Erth      0%         3d7       71%         3
 Summon Guardian Golem    Hex/Summ       0%         N/A       71%         3
 Teleport Other           Tloc           0%         N/A       71%         3
 Tukima's Dance           Hex            0%         N/A       71%         3
 Volatile Blastmotes      Fire/Tloc      0%         2d10      71%         3
 Anguish                  Hex/Necr       0%         N/A       98%         4
 Animate Dead             Necr           0%         N/A       98%         4
 Cause Fear               Hex            0%         N/A       98%         4
 Dispel Undead            Necr           0%         3d6       98%         4
 Flame Wave               Conj/Fire      0%         2d4       98%         4
 Fulminant Prism          Conj/Hex       0%         3d5       98%         4
 Leda's Liquefaction      Hex/Erth       0%         N/A       98%         4
 Manifold Assault         Tloc           0%         N/A       98%         4
 Olgreb's Toxic Radiance  Pois           0%         N/A       98%         4
 Passage of Golubria      Tloc           0%         N/A       98%         4
 Sticky Flame             Conj/Fire      0%         2d3       98%         4
 Summon Ice Beast         Ice/Summ       0%         N/A       98%         4
 Agony                    Necr           0%         N/A       100%        5
 Alistair's Intoxication  Tmut/Pois      0%         N/A       100%        5
 Arcjolt                  Conj/Air       0%         1d10      100%        5
 Borgnjor's Vile Clutch   Necr/Erth      0%         N/A       100%        5
 Fireball                 Conj/Fire      0%         3d3       100%        5
 Freezing Cloud           Conj/Ice/Air   0%         6-21      100%        5
 Iskenderun's Battlesphe  Conj           0%         2d6       100%        5
 Lee's Rapid Deconstruct  Erth           0%         3d4*      100%        5
 Metabolic Englaciation   Hex/Ice        0%         N/A       100%        5
 Silence                  Hex/Air        0%         N/A       100%        5
 Summon Forest            Summ/Tloc      0%         N/A       100%        5
 Summon Mana Viper        Hex/Summ       0%         N/A       100%        5
 Yara's Violent Unravell  Hex/Tmut       0%         3d3       100%        5
 Conjure Ball Lightning   Conj/Air       0%         3x3d6     100%        6
 Death Channel            Necr           0%         N/A       100%        6
 Dispersal                Tloc           0%         N/A       100%        6
 Eringya's Noxious Bog    Tmut/Pois      0%         4d6       100%        6
 Leda's Unmaking          Conj/Erth      0%         9d1       100%        6
 Plasma Beam              Fire/Air       0%         2x1d10    100%        6
 Simulacrum               Ice/Necr       0%         N/A       100%        6
 Starburst                Conj/Fire      0%         6d3       100%        6
 Enfeeble                 Hex            0%         N/A       100%        7
 Haunt                    Necr/Summ      0%         N/A       100%        7
 Orb of Destruction       Conj           0%         9d5       100%        7
 Spellforged Servitor     Conj/Summ      0%         N/A       100%        7
 Summon Hydra             Summ           0%         N/A       100%        7
 Borgnjor's Revivificati  Necr           0%         N/A       100%        8
 Discord                  Hex            0%         N/A       100%        8
 Disjunction              Tloc           0%         N/A       100%        8
 Infestation              Necr           0%         N/A       100%        8
 Lehudib's Crystal Spear  Conj/Erth      0%         10d2      100%        8
 Maxwell's Capacitive Co  Air            0%         ∞         100%        8
 Chain Lightning          Conj/Air       0%         N/A       100%        9
 Death's Door             Necr           0%         N/A       100%        9
 Dragon's Call            Summ           0%         N/A       100%        9
 Fire Storm               Conj/Fire      0%         5d1       100%        9
 Shatter                  Erth           0%         3d5*      100%        9
 Blink                    Tloc           Unusable   N/A       N/A         2
 Vhi's Electric Charge    Tloc/Air       Unusable   N/A       N/A         3

Dungeon Overview and Level Annotations

Branches:
Dungeon (15/15)            Temple (1/1) D:4            Lair (5/5) D:10
  Swamp (4/4) Lair:2       Spider (4/4) Lair:2        Slime (5/5) Lair:4
    Orc (2/2) D:9             Elf (3/3) Orc:2        Vaults (5/5) D:13
  Crypt (3/3) Vaults:2       Tomb (2/3) Crypt:3      Depths (4/4) D:15
    Zot (1/5) Depths:4      Sewer (visited)          Bailey (visited)
  IceCv (visited)         Desolation (visited)      Gauntlet (visited)

Altars:
Ashenzari
Cheibriados
Dithmenos
Elyvilon
Fedhas
Gozag
Hepliaklqana
Kikubaaqudgha
Makhleb
Nemelex Xobeh
Okawaru
Qazlal
Ru
Sif Muna
Trog
Uskayaw
Vehumet
Wu Jian
Xom
Yredelemnul
Zin
The Shining One
Jiyva

Shops:
D:10 =   D:12 ?   D:13 :   D:14 *(:   Orc:2 ![=[   Elf:2 *?[=   Vaults:4 ([
Depths:1 **

Portals:
Hell: Depths:1 Depths:2 Depths:3 Depths:4
Abyss: Elf:3 Depths:2 Depths:3
Pandemonium: Depths:2
Ziggurat: Depths:1

Annotations:
Lair:3 2 transporters, exclusion: oklob plant, Qefafrer's ghost, journeyman TrSh
Swamp:2 2 transporters, Kikiss's ghost, adept DrSh
Elf:2 1 runed translucent door


Innate Abilities, Weirdness & Mutations

You cannot be hasted, slowed, berserked, paralysed or teleported.
You can dig through walls and to a lower floor.
You have a pair of large antennae on your head. (SInv)
Your four strong arms can wield two-handed weapons with a shield.
Your skin changes colour to match your surroundings (Stealth+).
You are clumsy. (Dex -2)


Message History

The pyre of ghostly fire engulfs you but does no damage.
The pyre of ghostly fire engulfs the bennu.
The bennu completely resists.
The pyre of ghostly fire engulfs the mummy priest.
The mummy priest completely resists.
A royal mummy comes into view.
The ushabti shakes and rattles deafeningly!
You feel better.
The ushabti shakes and rattles.
The vile air hits the ushabti but does no damage.
The vile air hits the mummy priest but does no damage.
The vile air hits you but does no damage.
The bennu closely misses you. The bennu misses you.
The bennu completely misses you.
The royal mummy gestures wildly while chanting.
An ushabti comes into view.
Unknown command.
Unknown command.
You miss the bennu. You closely miss the mummy priest.
You are engulfed in dark miasma.
* * * LOW HITPOINT WARNING * * *
The death scarab's many legs skitter faintly.
The bennu jubilantly flits about.
The bennu pecks you but does no damage. The bennu barely misses you.
You block the bennu's attack.
Your shield discharges, shocking the bennu!
You block the bennu's attack. The bennu misses you.
You block the bennu's attack.
Your shield discharges, shocking the bennu!
You cut the bennu into ribbons!!!! You freeze the bennu!
Cheibriados thoroughly appreciates the change of pace.
The bennu, emptied of spiritual energy, fades out from this realm.
You slice the mummy priest!! You freeze the mummy priest.
The bennu blazes out!
The pyre of ghostly fire engulfs you!!!
You feel drained.
* * * LOW HITPOINT WARNING * * *
The pyre of ghostly fire engulfs the mummy priest.
The mummy priest completely resists.
You are engulfed in dark miasma.
Your stasis prevents you from being slowed.
You die...

###### { ##$$$)##
{ ##.$$=$$##
#.†.†$$$$## {{
#.†.$?$$$$##
{{#.!^..$$$$$$##
{
{#9..B.$$$.$$[##
{
'.M.B9$$$$$$$$##
{{{
#..999○M@☼$$$$$#
{
{#!.B...$$$$$$$$#
##......$.$$$$$#
#.........)$$$#
##....^.....$$#
##<.....:.$$##
{##........$#
##.....:$##


You could see a royal mummy, a mummy priest, 5 ushabtiu and 3 death scarabs.

Vanquished Creatures
  the Royal Jelly (Slime:5)
  4 dread liches
  3 ancient liches (Crypt:3)
  Mara (Depths:1)
  5 royal mummies
  A juggernaut (Depths:3)
  Sojobo (Depths:1)
  Saint Roka (Crypt:1)
  Frederick (Vaults:3)
  The ghost of Pooter the Impregnable, a veteran MiBe of Trog (Elf:3)
  A curse toe (Crypt:3)
  Nikola (Spider:2)
  5 golden dragons
  5 bone dragons
  Jory (Vaults:4)
  An iron giant (Depths:2)
  7 tentacled monstrosities
  Zenata (Crypt:3)
  A Hell Sentinel (Elf:3)
  A walking earthen tome (Depths:2)
  3 quicksilver dragons
  Asterion (Depths:2)
  5 titans
  2 deep elf blademasters
  5 liches
  A walking divine tome (Depths:3)
  5 acid blobs
  3 deep elf master archers (Elf:3)
  A kraken (Abyss:3)
  10 ancient champions
  A death cob (Zot:1)
  19 sphinxes
  Gastronok (Orc:1)
  A thorn hunter (Swamp:4)
  8 tengu reavers
  The ghost of Ofeo the Fighter, an adept DrSh of Okawaru (Swamp:3)
  5 shadow dragons
  2 draconian monks
  5 storm dragons
  Aizul (Swamp:1)
  A revenant (Crypt:1)
  Donald (Orc:2)
  4 rockslimes (Slime:5)
  A fenstrider witch (shapeshifter) (Vaults:5)
  9 fire giants
  A fire giant (shapeshifter) (Vaults:5)
  6 frost giants
  9 azure jellies (Slime:5)
  An iron dragon (Vaults:5)
  A balrug (Depths:1)
  6 deep elf sorcerers
  Louise (Depths:3)
  3 emperor scorpions
  A curse skull (Crypt:3)
  4 deep elf elementalists
  2 imperial myrmidons (Desolation)
  9 ghost moths
  A juggernaut zombie (Crypt:3)
  16 ironbound preservers
  2 orc warlords
  16 vault wardens
  5 ghouls
  A spriggan defender (Depths:4)
  A draconian shifter (Depths:4)
  A quicksilver ooze (shapeshifter) (Vaults:4)
  10 quicksilver oozes
  A draconian annihilator (Depths:4)
  A reaper (IceCv)
  A cacodemon (Elf:3)
  A war gargoyle (Vaults:5)
  7 formless jellyfish
  13 very ugly things
  9 ironbound thunderhulks
  20 stone giants
  4 broodmothers
  5 vampire knights
  4 eleionomae
  A rockslime zombie (Crypt:3)
  7 deep elf annihilators
  A lorocyproca (Abyss:2)
  Azrael (D:11)
  14 spark wasps
  A minotaur (Gauntlet)
  A yellow draconian (Depths:4)
  A black draconian (Depths:4)
  12 deep elf demonologists
  Nessos (Orc:2)
  6 bennus
  6 green draconians
  A purple draconian (Depths:4)
  2 halazid warlocks (Desolation)
  3 red draconians
  2 bunyips
  9 dire elephants
  A crystal guardian (Desolation)
  2 eidola
  A merfolk javelineer (Depths:1)
  2 blizzard demons
  5 deep elf death magi
  10 jiangshi
  7 mummy priests
  15 ettins
  6 deep elf high priests
  Josephine (Lair:3)
  3 entropy weavers
  18 yaktaur captains
  7 fire dragons
  A fenstrider witch zombie (Crypt:2)
  A shambling mangrove (Abyss:3)
  7 ragged hierophants (Desolation)
  7 servants of whispers (Desolation)
  7 great orbs of eyes
  32 vault guards
  Erolcha (D:12)
  8 ice dragons
  A sphinx zombie (Crypt:3)
  2 ghost crabs
  22 hydras
  7 peacekeepers (Desolation)
  6 spriggan air magi
  A radroach (Spider:3)
  3 rakshasas
  8 ironbound frosthearts
  3 jorogumos
  5 ogre magi
  6 death knights
  An anaconda (shapeshifter) (Vaults:5)
  A spriggan skeleton (Tomb:1)
  Erica (Orc:1)
  8 boulder beetles
  A catoblepas (Lair:3)
  A two-headed ogre (shapeshifter) (Vaults:4)
  11 two-headed ogres
  39 dancing weapons
  An azure jelly zombie (Crypt:1)
  11 alligators
  10 centaur warriors
  13 tengu warriors
  2 fenstrider witch skeletons (Crypt:3)
  15 death scarabs
  3 demonic crawlers
  12 deep troll shamans
  9 spriggan berserkers
  3 death yaks
  6 thrashing horrors
  12 deep troll earth magi
  8 vampire magi
  15 hell knights
  2 shock serpents (Depths:2)
  Nergalle (Orc:1)
  A soul eater (Crypt:3)
  14 deep elf knights
  2 skysharks (Lair:4)
  8 iron trolls
  A sun moth (Lair:2)
  A fire crab (Abyss:3)
  2 pharaoh ants (Spider:1)
  2 shadow wraiths
  4 goliath frogs
  18 skeletal warriors
  5 glowing orange brains
  41 deep trolls
  A spectral spark wasp (Depths:2)
  A golden dragon zombie (Crypt:2)
  16 swamp dragons
  5 spriggan druids
  16 deep elf archers
  2 bunyip skeletons (Crypt:3)
  8 steelbarb worms
  7 orc knights
  An anaconda zombie (Crypt:3)
  14 lindwurms
  5 orb spiders
  4 flayed ghosts
  2 orange crystal statues
  13 ironbound convokers
  A bog body (Crypt:2)
  Jeremiah (D:9)
  9 phantasmal warriors
  A harpy (shapeshifter) (D:14)
  An anaconda skeleton (Tomb:1)
  38 deep elf zephyrmancers
  3 wizards
  9 orc sorcerers
  21 ugly things
  23 deep elf pyromancers
  8 necromancers
  5 oklob plants (Lair:4)
  A shining eye (Slime:3)
  5 cyclopes
  5 will-o-the-wisps
  13 wolf spiders
  3 manticores
  4 elephants (Lair:4)
  2 moths of wrath
  A jorogumo skeleton (Crypt:3)
  A centaur zombie (Crypt:3)
  4 apocalypse crabs
  A rust devil (Abyss:2)
  Maurice (Orc:2)
  3 ice statues
  17 vault sentinels
  A gargoyle (D:12)
  3 guardian serpents (Desolation)
  6 black mambas
  A titan simulacrum (Depths:2)
  A centaur skeleton (Crypt:3)
  A draconian skeleton (Crypt:3)
  2 eyes of devastation (shapeshifter)
  A cane toad (shapeshifter) (Depths:3)
  An alligator snapping turtle zombie (Abyss:2)
  3 smoke demons
  Maggie (D:7)
  16 cane toads
  3 efreet
  2 unseen horrors
  A catoblepas zombie (Crypt:1)
  5 torpor snails
  42 yaktaurs
  8 ice devils (IceCv)
  7 komodo dragons
  6 rime drakes
  13 guardian mummies
  13 freezing wraiths
  3 kobold demonologists
  11 tengu conjurers
  An iron troll skeleton (Crypt:1)
  An alligator snapping turtle skeleton (Crypt:3)
  A hydra zombie (Crypt:3)
  A bloated husk (Swamp:3)
  An anaconda simulacrum (IceCv)
  A grey draconian skeleton (Crypt:3)
  4 meliai
  An ancient zyme (Abyss:2)
  A harpy zombie (Abyss:2)
  14 polar bears
  7 trolls
  A wolf spider simulacrum (Gauntlet)
  16 hornets
  Grinder (D:3)
  A mana viper skeleton (Crypt:2)
  57 saltlings (Desolation)
  5 raiju
  A dream sheep (shapeshifter) (Elf:3)
  13 tyrant leeches
  14 tarantellas
  Prince Ribbit (D:6)
  A death drake skeleton (Crypt:1)
  15 dream sheep
  9 blink frogs (Lair:2)
  26 jumping spiders
  80 slime creatures
  3 air elementals
  An alligator zombie (Crypt:3)
  27 flying skulls
  3 vampires
  2 ynoxinuls
  4 centaur simulacra
  24 culicivoras
  11 spriggans
  65 yaks
  6 basilisks
  11 water elementals
  A yak (shapeshifter) (Spider:2)
  3 wyverns
  A fire dragon skeleton (Crypt:3)
  4 fire elementals
  A dire elephant simulacrum (IceCv)
  20 wraiths
  2 ushabtiu (Tomb:1)
  2 steam dragons
  20 humans (D:13)
  Grum (D:9)
  6 starcursed masses (Abyss:3)
  58 redbacks
  A death yak simulacrum (IceCv)
  2 neqoxecs
  8 wargs
  8 vampire mosquitoes
  A deep troll zombie (Crypt:2)
  16 hell hounds
  9 swamp worms
  11 acid dragons
  A hydra simulacrum (Gauntlet)
  A skyshark zombie (Crypt:1)
  15 water moccasins
  23 orc warriors
  A meliai simulacrum (Gauntlet)
  10 swamp drakes
  4 small abominations
  An ice beast (D:5)
  2 sky beasts (D:8)
  16 black bears
  A dream sheep zombie (Crypt:1)
  A blink frog zombie (Crypt:3)
  A centaur (shapeshifter) (Vaults:5)
  10 large abominations
  7 ogres
  17 centaurs
  27 wolves
  A phantom (D:3)
  A lindwurm skeleton (Crypt:1)
  Blork the orc (D:6)
  12 kobold brigands
  16 bullfrogs
  2 earth elementals
  A necrophage (Crypt:2)
  2 gnoll sergeants
  6 scorpions
  2 cane toad simulacra (IceCv)
  2 two-headed ogre simulacra (IceCv)
  A water moccasin skeleton (Crypt:1)
  11 wights
  A queen bee zombie (Crypt:1)
  A cyclops skeleton (Crypt:1)
  A shapeshifter zombie (Crypt:1)
  2 elephant simulacra (IceCv)
  12 killer bees
  5 electric eels
  6 howler monkeys
  A quasit (Abyss:3)
  2 jellies
  Crazy Yiuf (D:3)
  9 hounds
  2 gnoll boudas
  15 orc priests
  Ijyb (D:3)
  A basilisk skeleton (Crypt:2)
  11 iguanas
  36 orc wizards
  3 sleepcaps
  4 spriggan simulacra (IceCv)
  3 troll simulacra (IceCv)
  2 wolf simulacra (IceCv)
  An ice beast zombie (Crypt:3)
  A deep dwarf zombie (Crypt:2)
  35 mummies
  25 gnolls
  3 naga simulacra (IceCv)
  11 adders
  4 river rats
  A swamp drake skeleton (Crypt:3)
  5 white imps
  An ufetubus (D:5)
  7 worms
  2 dart slugs
  93 orcs
  7 bats
  14 endoplasms
  2 giant cockroaches
  14 goblins
  11 hobgoblins
  3 jackals
  27 kobolds
  7 quokkas
  A river rat zombie (Crypt:3)
  9 ball pythons
  A frilled lizard (D:2)
  A hobgoblin zombie (Crypt:2)
  11 rats
  2 foxfires (Swamp:3)
  2 spectral weapons (Depths:2)
  3 tentacles (Abyss:3)
2514 creatures vanquished.

Vanquished Creatures (collateral kills)
  2 deep trolls
  A mummy (Tomb:2)
3 creatures vanquished.

Vanquished Creatures (others)
  A lich (Vaults:1)
  A deep elf high priest (Vaults:1)
  A dancing weapon (Elf:1)
  A spriggan (Depths:3)
  An orb spider (Spider:2)
  A deep elf pyromancer (Elf:1)
  A vault sentinel (Vaults:1)
  A bloated husk (Swamp:4)
  A hornet (Depths:3)
  A large abomination (Abyss:2)
  3 redbacks (Spider:2)
  2 orcs
  A butterfly (D:10)
  25 foxfires
  4 tentacles (Abyss:3)
45 creatures vanquished.

Grand Total: 2562 creatures vanquished

Notes
Turn   | Place    | Note
-------+----------+-------------------------------------------
     0 | D:1      | arthad the Formicid Fighter began the quest for the Orb.
     0 | D:1      | Reached XP level 1. HP: 18/18 MP: 1/1
   102 | D:1      | Reached XP level 2. HP: 23/24 MP: 2/2
   390 | D:1      | Reached XP level 3. HP: 29/29 MP: 3/3
   622 | D:2      | Found a faded altar of an unknown god.
   634 | D:2      | Found a glowing silver altar of Zin.
   842 | D:2      | Reached XP level 4. HP: 35/37 MP: 4/4
  1257 | D:3      | Noticed a phantom
  1259 | D:3      | Noticed Grinder
  1264 | D:3      | Killed a phantom
  1265 | D:3      | Reached skill level 4 in Armour
  1265 | D:3      | Reached skill level 1 in Dodging
  1265 | D:3      | Reached skill level 5 in Shields
  1265 | D:3      | Reached XP level 5. HP: 42/42 MP: 5/5
  1275 | D:3      | Killed Grinder
  1276 | D:3      | Reached XP level 6. HP: 15/50 MP: 6/6
  1445 | D:3      | Reached XP level 7. HP: 55/55 MP: 7/7
  1610 | D:3      | Noticed Ijyb
  1627 | D:3      | Killed Ijyb
  1746 | D:3      | Found a shadowy altar of Dithmenos.
  2045 | D:3      | Found a runed translucent door.
  2046 | D:3      | Noticed Crazy Yiuf
  2061 | D:3      | Killed Crazy Yiuf
  2062 | D:3      | Reached skill level 5 in Fighting
  2246 | D:4      | Reached skill level 5 in Armour
  2473 | D:4      | Found a bloodstained altar of Trog.
  2476 | D:4      | Found a radiant altar of Vehumet.
  2480 | D:4      | Found a blossoming altar of Fedhas.
  2480 | D:4      | Found an ornate altar of the Wu Jian Council.
  2482 | D:4      | Found a basalt altar of Yredelemnul.
  2682 | D:4      | Found a staircase to the Ecumenical Temple.
  2691 | Temple   | Entered the Ecumenical Temple
  2717 | Temple   | Became a worshipper of Cheibriados the Contemplative
  2830 | D:4      | Reached XP level 8. HP: 62/63 MP: 8/8
  3542 | D:5      | Entered Level 5 of the Dungeon
  4158 | D:5      | HP: 3/96 [killer bee (2)]
  4159 | D:5      | HP: 1/96 [killer bee (1)]
  4171 | D:5      | Reached skill level 6 in Armour
  4174 | D:5      | Reached * piety under Cheibriados
  4175 | D:5      | Reached skill level 5 in Axes
  4617 | D:5      | Reached XP level 9. HP: 71/71 MP: 9/9
  4650 | D:5      | Noticed an unseen horror
  4674 | D:5      | Killed an unseen horror
  4984 | D:5      | Reached skill level 1 in Throwing
  4984 | D:5      | Reached skill level 7 in Armour
  5187 | D:6      | Identified a scroll of acquirement
  5187 | D:6      | Acquired the +5 Storm Queen's Shield {shock, Fly rElec}
  5187 | D:6      | Found the +5 Storm Queen's Shield {shock, Fly rElec}
  5232 | D:6      | Reached ** piety under Cheibriados
  5275 | D:6      | Found a glowing drain.
  5282 | Sewer    | Entered a sewer
  5936 | D:6      | Reached *** piety under Cheibriados
  5942 | D:6      | Reached XP level 10. HP: 77/79 MP: 10/10
  5988 | D:6      | Noticed Blork the orc
  5993 | D:6      | Killed Blork the orc
  6077 | D:6      | Identified the +1 flail "Dyr Quh" {drain, rPois Int+3}
  6440 | D:6      | Noticed Prince Ribbit
  6455 | D:6      | Killed Prince Ribbit
  6778 | D:7      | Reached skill level 8 in Armour
  6804 | D:7      | Found a flagged portal.
  6804 | D:7      | Reached **** piety under Cheibriados
  6810 | Bailey   | Entered a bailey
  7176 | D:7      | Reached ***** piety under Cheibriados
  7201 | D:7      | Noticed Maggie
  7205 | D:7      | Killed Maggie
  7206 | D:7      | Reached skill level 10 in Shields
  7251 | D:7      | Found a glowing golden altar of the Shining One.
  7462 | D:7      | Found an opulent altar of Gozag.
  7572 | D:8      | Reached XP level 11. HP: 87/87 MP: 11/11
  7686 | D:8      | Noticed a two-headed ogre
  7693 | D:8      | Killed a two-headed ogre
  7694 | D:8      | Reached skill level 5 in Throwing
  7694 | D:8      | Reached skill level 9 in Armour
  7708 | D:8      | Acquired a manual of Armour
  7999 | D:9      | Identified the ring "Jaetiulu" {*Slow Fly rPois Int+3}
  8137 | D:9      | Noticed Grum
  8140 | D:9      | Killed Grum
  8282 | D:9      | Reached skill level 5 in Dodging
  8293 | D:9      | Noticed Jeremiah
  8304 | D:9      | Killed Jeremiah
  8338 | D:9      | Reached ****** piety under Cheibriados
  8485 | D:9      | Reached skill level 10 in Armour
  8507 | D:9      | Reached XP level 12. HP: 87/97 MP: 12/12
  8799 | D:9      | Found a staircase to the Orcish Mines.
  8850 | D:10     | Entered Level 10 of the Dungeon
  8905 | D:10     | Found a burning altar of Makhleb.
  8921 | D:10     | Reached skill level 10 in Fighting
  9049 | D:10     | Found a sacrificial altar of Ru.
  9103 | D:10     | Found a white marble altar of Elyvilon.
  9143 | D:10     | Reached skill level 11 in Armour
  9173 | D:10     | Found a staircase to the Lair.
  9234 | D:10     | Found Efeenara's Jewellery Shop.
  9710 | D:11     | Noticed a +0 short sword
  9710 | D:11     | Noticed a +0 dagger
  9711 | D:11     | Noticed a +0 falchion
  9711 | D:11     | Noticed a +0 spear
  9711 | D:11     | Noticed a +0 falchion
  9711 | D:11     | Noticed a +0 spear
  9711 | D:11     | Noticed a +0 dagger
  9713 | D:11     | Noticed a +0 short sword
  9719 | D:11     | Found a hide-covered altar of Uskayaw.
  9759 | D:11     | Noticed a boulder beetle
  9768 | D:11     | Killed a boulder beetle
  9814 | D:11     | Noticed a two-headed ogre
  9824 | D:11     | Killed a two-headed ogre
  9915 | D:11     | Reached skill level 12 in Armour
 10150 | D:12     | Noticed Azrael
 10159 | D:11     | Killed Azrael
 10173 | D:12     | Noticed Erolcha
 10192 | D:12     | Killed Erolcha
 10193 | D:12     | Reached XP level 13. HP: 105/105 MP: 13/13
 10311 | D:12     | Found Giluny's Magic Scroll Shoppe.
 10324 | D:12     | Reached skill level 10 in Axes
 10376 | D:12     | Reached skill level 13 in Armour
 11012 | D:13     | Found Beifreul's Book Emporium.
 11023 | D:13     | Found the +8 frozen axe "Frostbite" {freeze, freezing
                  | cloud, *Noise Fly rC+}
 11170 | D:13     | Reached skill level 14 in Armour
 11170 | D:13     | Reached XP level 14. HP: 115/115 MP: 13/16
 11280 | Abyss:2  | Cast into level 2 of the Abyss (a wizard)
 11380 | Abyss:2  | Reached XP level 15. HP: 44/122 MP: 17/17
 11533 | Abyss:2  | Reached skill level 15 in Armour
 11546 | D:13     | Escaped the Abyss
 11557 | D:13     | Reached skill level 5 in Invocations
 11643 | D:13     | Found a gate to the Vaults.
 11795 | D:14     | Found Moxud's General Store.
 11796 | D:14     | Found Tacvintu's Weapon Shoppe.
 11805 | D:14     | Reached skill level 15 in Shields
 11950 | D:14     | Identified the +9 spear "Funi" {drain, rElec}
 12158 | D:14     | Found Siz Hoa's Book Shoppe.
 12432 | D:15     | Entered Level 15 of the Dungeon
 12432 | D:15     | Found an iron altar of Okawaru.
 12440 | D:15     | Identified the +6 mace "arthad's Curse" {flame, rF++}
 12501 | D:15     | Found a gate leading to a gauntlet.
 12512 | Gauntlet | Entered a Gauntlet
 12512 | Gauntlet | Found a transporter.
 12512 | Gauntlet | Found a transporter.
 12512 | Gauntlet | Found a runed translucent door.
 12512 | Gauntlet | Found a runed translucent door.
 12518 | Gauntlet | Found a transporter.
 12533 | Gauntlet | Found a transporter.
 12550 | Gauntlet | Found a transporter.
 12551 | Gauntlet | Found a transporter.
 12551 | Gauntlet | Found a transporter.
 12554 | Gauntlet | Found a transporter.
 12554 | Gauntlet | Found a transporter.
 12566 | Gauntlet | Found a transporter.
 12584 | Gauntlet | Found a transporter.
 12594 | Gauntlet | Found a transporter.
 12608 | Gauntlet | Found a transporter.
 12631 | Gauntlet | Found a transporter.
 12725 | Gauntlet | Reached skill level 10 in Throwing
 12811 | Gauntlet | Identified the ring "Van Egre" {Int+6 Dex+3}
 13069 | D:15     | Reached skill level 16 in Armour
 13425 | D:15     | Reached XP level 16. HP: 131/131 MP: 17/20
 13578 | D:15     | Found a staircase to the Depths.
 13972 | Lair:1   | Entered Level 1 of the Lair of Beasts
 14982 | Lair:2   | Acquired 850 gold pieces
 14994 | Lair:2   | Found a staircase to the Swamp.
 15492 | Lair:2   | Found a hole to the Spider Nest.
 16103 | Lair:3   | Noticed Josephine
 16103 | Lair:3   | Found a transporter.
 16106 | Lair:3   | Killed Josephine
 16642 | Lair:3   | Noticed Qefafrer's ghost (journeyman TrSh)
 16646 | Lair:3   | Found a bloodstained altar of Trog.
 16652 | Lair:3   | Found a transporter.
 16657 | Lair:3   | Found a blossoming altar of Fedhas.
 16743 | Lair:3   | Reached XP level 17. HP: 140/140 MP: 22/22
 16744 | Lair:3   | Reached skill level 17 in Armour
 16744 | Lair:3   | Reached XP level 18. HP: 147/147 MP: 22/24
 16745 | Lair:3   | Identified the +3 leather armour of the Loofah {rF+}
 17729 | Lair:4   | Found a runed translucent door.
 17729 | Lair:4   | Found a viscous altar of Jiyva.
 17729 | Lair:4   | Found a staircase to the Slime Pits.
 18339 | Lair:5   | Entered Level 5 of the Lair of Beasts
 18412 | Lair:5   | Found a frozen archway.
 18415 | Lair:5   | Reached XP level 19. HP: 152/154 MP: 18/25
 18423 | Lair:5   | Reached skill level 15 in Fighting
 18509 | IceCv    | Entered an ice cave
 19510 | Lair:5   | Identified the +6 war axe of Puckish Defiance {antimagic,
                  | rElec rF+ rCorr Str-5}
 20409 | Orc:1    | Entered Level 1 of the Orcish Mines
 20599 | Orc:1    | Noticed Gastronok
 20612 | Orc:1    | Killed Gastronok
 20683 | Orc:1    | Noticed Nergalle
 20687 | Orc:1    | Killed Nergalle
 20692 | Orc:1    | Noticed Erica
 20699 | Orc:1    | Killed Erica
 20930 | Orc:2    | Entered Level 2 of the Orcish Mines
 21127 | Orc:2    | Found a staircase to the Elven Halls.
 21300 | Orc:2    | Noticed Maurice
 21327 | Orc:2    | Noticed Nessos
 21335 | Orc:2    | Killed Nessos
 21449 | Orc:2    | Killed Maurice
 21499 | Orc:2    | Found Beqataluno's Antique Armour Shop.
 21514 | Orc:2    | Bought a faintly glowing cloak for 342 gold pieces
 21514 | Orc:2    | Identified the +0 cloak of the Clam {rElec Will+ Int-2}
                  | (You bought it in a shop on level 2 of the Orcish Mines)
 21569 | Orc:2    | Found an ancient bone altar of Kikubaaqudgha.
 21569 | Orc:2    | Noticed Donald
 21574 | Orc:2    | Killed Donald
 21653 | Orc:2    | Found Vycsozub's Distillery.
 21685 | Orc:2    | Found Cuabriv's Jewellery Boutique.
 21691 | Orc:2    | Bought a potion of curing for 45 gold pieces
 21691 | Orc:2    | Bought a potion of curing for 45 gold pieces
 21714 | Orc:2    | Found a radiant altar of Vehumet.
 21755 | Orc:2    | Found Licooh's Antique Armour Boutique.
 21763 | Orc:2    | Bought a jewelled orb for 364 gold pieces
 21763 | Orc:2    | Identified the orb of the Nine Beggars {guile, Contam rPois
                  | MP+9} (You bought it in a shop on level 2 of the Orcish
                  | Mines)
 21942 | Swamp:1  | Entered Level 1 of the Swamp
 22086 | Swamp:1  | Reached skill level 18 in Armour
 22283 | Swamp:1  | Noticed Aizul
 22404 | Swamp:1  | Killed Aizul
 22668 | Swamp:2  | Found a transporter.
 22670 | Swamp:2  | Noticed Kikiss's ghost (adept DrSh)
 22671 | Swamp:2  | Found a transporter.
 22802 | Swamp:2  | Reached skill level 10 in Invocations
 23191 | Swamp:3  | Found a runed translucent door.
 23225 | Swamp:3  | Got Sif Muna's Codex of Ensorcelling
 23230 | Swamp:3  | Reached XP level 20. HP: 158/164 MP: 22/27
 23808 | Swamp:3  | Noticed Ofeo's ghost (adept DrSh)
 23808 | Swamp:3  | Identified the +3 trident "Ufo Lasega" {elec, rC+ Str+2}
 23936 | Swamp:3  | Killed Ofeo's ghost
 23990 | Swamp:4  | Entered Level 4 of the Swamp
 24500 | Swamp:4  | Reached skill level 15 in Axes
 24540 | Swamp:4  | Reached skill level 10 in Dodging
 24678 | Swamp:4  | Got a decaying rune of Zot
 25174 | Spider:1 | Entered Level 1 of the Spider Nest
 25927 | Spider:2 | Found a transporter.
 26016 | Spider:2 | Found a transporter.
 26526 | Spider:2 | Noticed Nikola
 26766 | Spider:2 | Killed Nikola
 26873 | Spider:3 | Reached skill level 19 in Armour
 27030 | Spider:3 | Reached XP level 21. HP: 107/174 MP: 29/29
 27519 | Spider:4 | Entered Level 4 of the Spider Nest
 28869 | Spider:4 | Got a gossamer rune of Zot
 29023 | Spider:2 | Identified the ring "Onwuuqui" {rN+ rCorr Str-4 Int-5
                  | Dex+6}
 29028 | Spider:2 | Identified the +11 chain mail "Yhyger" {rN+}
 29273 | Vaults:1 | Entered Level 1 of the Vaults
 29393 | Vaults:1 | Reached skill level 5 in Evocations
 30013 | Vaults:1 | HP: 4/176 [yaktaur/bolt[a yaktaur captain] (19)]
 30062 | Vaults:1 | Reached XP level 22. HP: 44/183 MP: 7/31
 31227 | Vaults:2 | Reached skill level 20 in Armour
 31506 | Vaults:2 | Found a staircase to the Crypt.
 31506 | Vaults:2 | Found a basalt altar of Yredelemnul.
 31507 | Vaults:2 | Found an ancient bone altar of Kikubaaqudgha.
 32013 | Vaults:3 | Noticed Frederick
 32019 | Vaults:3 | Killed Frederick
 33350 | Vaults:4 | Found a crumbling gateway.
 33352 | Vaults:4 | Noticed Jory
 33363 | Vaults:4 | Killed Jory
 33417 | Desolati | Entered the Desolation of Salt
 33499 | Desolati | Reached XP level 23. HP: 187/192 MP: 1/32
 33513 | Desolati | Got the Compilation of the Evil Eye
 33514 | Desolati | Identified the ring of Ifatat {+Blink Fly Int-5 SInv
                  | Stlth-}
 34208 | Desolati | Got the Compilation of Geology
 34748 | Vaults:4 | Found Jets's Armour Shoppe.
 35357 | Vaults:4 | Found Dingoass's Weapon Boutique.
 35403 | Vaults:5 | Entered Level 5 of the Vaults
 35407 | Vaults:5 | Reached skill level 21 in Armour
 36171 | Vaults:5 | Noticed a golden dragon
 36176 | Vaults:5 | Noticed a golden dragon
 36177 | Vaults:5 | Noticed a dread lich
 36529 | Depths:1 | Entered Level 1 of the Depths
 36540 | Depths:1 | Reached XP level 24. HP: 163/188 MP: 30/33
 36578 | Depths:1 | Noticed Sojobo
 36588 | Depths:1 | Killed Sojobo
 36594 | Depths:1 | Noticed Mara
 36602 | Depths:1 | Killed Mara
 37230 | Depths:1 | Found Geuxkumu's Mail-Order Catalogue.
 37299 | Depths:1 | Found a one-way gateway to a ziggurat.
 37378 | Depths:1 | Found Gubrut's General Store.
 37386 | Depths:1 | Bought a potion of curing for 39 gold pieces
 37445 | Depths:1 | Found a gateway to Hell.
 37586 | Depths:2 | Noticed a dread lich
 37592 | Depths:2 | Killed a dread lich
 37596 | Depths:2 | Noticed a royal mummy
 37606 | Depths:2 | Killed a royal mummy
 38218 | Depths:2 | Noticed a golden dragon
 38249 | Depths:2 | Reached skill level 22 in Armour
 38249 | Depths:2 | Reached XP level 25. HP: 186/212 MP: 16/33
 38589 | Depths:2 | Identified the +3 dagger of Ravage {vamp, rPois Will+ Str+4
                  | Dex-3}
 38599 | Depths:2 | Got Lynawkab's Catalogue of Astrapomancy
 38803 | Depths:2 | Noticed Asterion
 38810 | Depths:2 | Killed Asterion
 38854 | Depths:2 | Found a one-way gate leading to the halls of Pandemonium.
 38974 | Depths:2 | Found a one-way gate to the infinite horrors of the Abyss.
 39007 | Depths:3 | Noticed Louise
 39017 | Depths:3 | Killed Louise
 39167 | Depths:3 | Reached skill level 10 in Evocations
 39469 | Depths:3 | Identified the +7 glaive "Biathiusme" {heavy, Will- Int+3
                  | Dex+6}
 39637 | Depths:3 | Noticed a juggernaut
 39649 | Depths:3 | Killed a juggernaut
 39867 | Depths:3 | Identified the +2 buckler "Ogeado" {rPois rN+++ Str-5
                  | Int+3}
 40482 | Depths:4 | Entered Level 4 of the Depths
 40493 | Depths:4 | Reached skill level 15 in Invocations
 40566 | Depths:4 | Reached XP level 26. HP: 210/222 MP: 29/34
 40704 | Depths:4 | Found a gate to the Realm of Zot.
 41451 | Depths:4 | Found a hazy altar of Hepliaklqana.
 42240 | Elf:1    | Entered Level 1 of the Elven Halls
 42492 | Elf:1    | Reached skill level 23 in Armour
 42508 | Elf:1    | Found a radiant altar of Vehumet.
 43140 | Elf:2    | Found Urob's Magic Scroll Shop.
 43147 | Elf:2    | Found a radiant altar of Vehumet.
 43262 | Elf:2    | Found Miadylo's Armour Emporium.
 43304 | Elf:2    | Found Faitol's Magic Scroll Shoppe.
 43506 | Elf:2    | Identified the +4 falchion "Cylenk" {venom, *Noise rC+++
                  | rN+ Will+}
 43668 | Elf:2    | Found Rarylaer's Assorted Antiques.
 43674 | Elf:2    | Bought a pair of glowing boots for 195 gold pieces
 43775 | Elf:2    | Found Zaeg's Jewellery Emporium.
 43843 | Elf:2    | Found a runed translucent door.
 43873 | Elf:2    | Found a runed translucent door.
 44528 | Elf:3    | Entered Level 3 of the Elven Halls
 44540 | Elf:3    | Found a transporter.
 44564 | Elf:3    | Found a transporter.
 44809 | Elf:3    | Reached XP level 27. HP: 225/225 MP: 32/34
 44902 | Elf:3    | Noticed Pooter's ghost (veteran MiBe)
 45059 | Elf:3    | Identified the +6 hand axe of Crawling {venom, rPois Dex+3}
 45063 | Elf:3    | Identified the ring "Lyqapa" {rF+ Slay+3}
 45125 | Elf:3    | Identified the +0 robe of Hopscotch {Str+5 Slay-5}
 45346 | Elf:3    | Identified the +9 quarterstaff of Kik Kaon {antimagic,
                  | rElec rPois Dex-4}
 45464 | Elf:3    | Identified the +7 ring mail "Apuer" {rF+}
 45530 | Elf:3    | Identified the +3 shortbow of Equilibrium {heavy, Fly rPois
                  | rF- rC++}
 45594 | Elf:3    | Identified the +8 battleaxe "Eviscerator" {protect, rElec}
 45767 | Elf:3    | Killed Pooter's ghost
 45772 | Abyss:3  | Cast into level 3 of the Abyss (deep elf blademaster)
 45829 | Abyss:3  | Found a corrupted altar of Lugonu.
 45916 | Abyss:3  | Gained mutation: You occasionally shout uncontrollably at
                  | your foes. [a neqoxec]
 45919 | Abyss:3  | Got an abyssal rune of Zot
 45922 | Abyss:3  | Lost mutation: You occasionally shout uncontrollably at
                  | your foes. [potion of mutation]
 45922 | Abyss:3  | Gained mutation: You have an increased reservoir of magic.
                  | (+10% MP) [potion of mutation]
 46118 | Elf:3    | Escaped the Abyss
 46134 | Elf:3    | Identified the +0 pair of gloves "Tethef" {Will+ Str+3
                  | Stlth+}
 46614 | Vaults:5 | Identified the +1 spear of Baleful Conscience {distort,
                  | rC++ Will+}
 46614 | Vaults:5 | HP: 6/233 [stone giant/large rock (20)]
 46616 | Vaults:5 | Identified the ring "Yxel" {rC+ Str+5 Int+6}
 46757 | Vaults:5 | Noticed a dread lich
 46873 | Vaults:4 | Killed a dread lich
 46980 | Vaults:5 | Identified the +1 quarterstaff "Kipas" {protect, Int-3
                  | Dex+5}
 46994 | Vaults:4 | Killed a dread lich
 47041 | Vaults:5 | Reached skill level 24 in Armour
 47291 | Vaults:5 | Identified the +0 plate armour of Kuphaem {Rampage +Blink
                  | Will++ SInv}
 47331 | Vaults:5 | Identified the +3 scale mail of the Great Game {rElec Will+
                  | Dex+3 Slay+5}
 47332 | Vaults:5 | Identified the +2 pair of boots of the Rose {rF+ Will++
                  | Str+2 Int-5}
 47349 | Vaults:5 | Got a silver rune of Zot
 47354 | Vaults:5 | Got the Handbook of Called Ouranomancy
 47813 | Vaults:5 | Identified the amulet of Tumaid {Reflect rF+ SH+5}
 47906 | Vaults:5 | Identified the +2 pair of boots of the Tundras {*Corrode
                  | rElec rC+ Int+2}
 47968 | Vaults:5 | Got the Compilation of the Pyromaniac and Exhumation
 48739 | Zot:1    | Entered Level 1 of the Realm of Zot
 49304 | Slime:1  | Entered Level 1 of the Pits of Slime
 49474 | Slime:3  | Gained mutation: You are agile. (Dex +4, Str/Int -1) [a
                  | shining eye]
 49496 | Slime:5  | Entered Level 5 of the Pits of Slime
 49529 | Slime:5  | Noticed the Royal Jelly
 49540 | Slime:5  | Killed the Royal Jelly
 49571 | Slime:5  | Identified the staff "Racefag" {rN+ Str+3 Dex-2 SInv Necro}
 49588 | Slime:5  | Identified the +12 scimitar "Abru" {vamp, Int+3 Stlth+}
 49591 | Slime:5  | Identified the +1 cloak "Lodij" {rF+}
 49637 | Slime:5  | Identified the ring of Conflict {rF+ MP+9 Int+3 Dex+6}
 49682 | Slime:5  | Identified the +2 halberd of Zin, Kissing {protect, *Rage
                  | *Noise rElec MP+9}
 49683 | Slime:5  | Identified the ring "Seismav" {Fly rElec rF+}
 49687 | Slime:5  | Got a slimy rune of Zot
 49740 | Slime:3  | Gained mutation: Armour fits poorly on your strangely
                  | shaped body. [a shining eye]
 49744 | Slime:2  | Lost mutation: You are agile. (Dex +4, Str/Int -1) [potion
                  | of mutation]
 49744 | Slime:2  | Lost mutation: You have an increased reservoir of magic.
                  | (+10% MP) [potion of mutation]
 49744 | Slime:2  | Lost mutation: Armour fits poorly on your strangely shaped
                  | body. [potion of mutation]
 49744 | Slime:2  | Gained mutation: You are clumsy. (Dex -2) [potion of
                  | mutation]
 49744 | Slime:2  | Gained mutation: Your skin changes colour to match your
                  | surroundings (Stealth+). [potion of mutation]
 49744 | Slime:2  | Gained mutation: You are robust. (+10% HP) [potion of
                  | mutation]
 49751 | Slime:1  | Lost mutation: You are robust. (+10% HP) [a shining eye]
 50002 | Crypt:1  | Entered Level 1 of the Crypt
 50004 | Crypt:1  | Identified the +2 long sword "Ruadiarph" {venom, Int+2}
 50367 | Crypt:1  | Noticed Saint Roka
 50379 | Crypt:1  | Killed Saint Roka
 51855 | Crypt:3  | Entered Level 3 of the Crypt
 52143 | Crypt:3  | Identified the +9 long sword of a sewer {freeze, rF+
                  | Stlth+}
 52203 | Crypt:3  | HP: 11/236 [??? (9)]
 52394 | Crypt:3  | Noticed Zenata
 52404 | Crypt:3  | Killed Zenata
 52713 | Crypt:3  | Found a staircase to the Tomb.
 52790 | Crypt:3  | Noticed a dread lich
 52790 | Crypt:3  | Noticed an ancient lich
 52799 | Crypt:3  | Killed an ancient lich
 52807 | Crypt:3  | Killed a dread lich
 52904 | Crypt:3  | Noticed an ancient lich
 52905 | Crypt:3  | Noticed an ancient lich
 52908 | Crypt:3  | Killed an ancient lich
 52911 | Crypt:3  | Killed an ancient lich
 52919 | Crypt:3  | Got Sismogr Urorgh's Octavo of Ignition
 53763 | Tomb:1   | Entered Level 1 of the Tomb of the Ancients
 53852 | Tomb:1   | Identified the +0 scale mail of Wego {rPois Str-5 Int+4
                  | Dex-2}
 53905 | Tomb:1   | Reached skill level 25 in Armour
 54213 | Tomb:1   | Noticed a royal mummy
 54213 | Tomb:1   | Noticed a royal mummy
 54221 | Tomb:1   | Killed a royal mummy
 54223 | Tomb:1   | Killed a royal mummy
 54718 | Tomb:1   | Noticed a royal mummy
 54729 | Tomb:1   | Killed a royal mummy
 55109 | Tomb:2   | Noticed a royal mummy
 55109 | Tomb:2   | Noticed a royal mummy
 55109 | Tomb:2   | Noticed a royal mummy
 55111 | Tomb:2   | Noticed a royal mummy
 55112 | Tomb:2   | Noticed a royal mummy
 55124 | Tomb:2   | Killed a royal mummy
 55137 | Tomb:2   | You are sucked into a shaft and drop 1 floor!
 55137 | Tomb:3   | Entered Level 3 of the Tomb of the Ancients
 55169 | Tomb:3   | Noticed a royal mummy
 55172 | Tomb:3   | HP: 5/204 [spore (39)]
 55172 | Tomb:3   | Engulfed by an ushabti's foul pestilence

Illustrated notes

Levels and vault maps discovered:
D:1:      wander_arrival_fairy_ring, layout_basic, hex_medium,
          nicolae_twisty_statue_hallways
D:2:      layout_basic, basic_altar, shapermc_ecumenical_altar_mp_urbaneastern,
          kennysheep_potato
D:3:      kennysheep_the_goblin_king, layout_loops_ring, lemuel_doored_altar,
          uniq_crazy_yiuf_cottage, uniq_grinder
D:4:      nicolae_BIG_FREAKIN_CUBE, layout_layer_cave, minitemple,
          lemuel_temple_firewalk_a, minmay_quadrilaterals, uniq_ijyb
D:5:      kennysheep_windowed_halls, layout_basic, nicolae_titane
D:6:      layout_loops_ring, lightli_sewer_entry_pipes, uniq_blork_the_orc,
          uniq_prince_ribbit1
D:7:      layout_basic, tso_metal_star, grunt_gozag_breadcrumbs, enter_bailey_4,
          hangedman_abyss_or_decor_lesser_grid, uniq_maggie
D:8:      layout_rooms
D:9:      layout_basic, erik_orc_2, uniq_grum, uniq_jeremiah
D:10:     nicolae_whirlpool, layout_irregular_city,
          nicolae_elyvilon_peaceful_grove, bloody_makhleb,
          mainiacjoe_overflow_brackets, minmay_lair_entry_grove, serial_shops,
          shop, eino_jars
D:11:     layout_roguey, nicolae_uskayaw_en_pointe
D:12:     layout_rooms, serial_shops, nicolae_lakefront_shop, uniq_erolcha,
          uniq_azrael
D:13:     layout_loops_ring, grunt_vaults_entry_tiered, serial_shops,
          nicolae_shop_rolling_square
D:14:     layout_basic, serial_shops, shop_statue, nicolae_shop_window_shopping,
          shop, infiniplex_staircase_9_rooms
D:15:     grunt_enter_depths_hoard, layout_small_grid, gauntlet_entry_generic,
          minmay_misc_feat_pillars, st_stairs_3, okawaru_ov_weapons_minmay
Temple:   chequers_temple_sunken
Lair:1:   layout_gridlike
Lair:2:   layout_gridlike, minmay_swamp_entry_worms,
          hellmonk_spider_entry_not_the_bees, lemuel_fruit_tree
Lair:3:   layout_cave_pods, gammafunk_ghost_wrathful_warriors, tgw_fedhas,
          uniq_josephine
Lair:4:   layout_loops_ring, slime_entry_2, dpeg_oklob_1
Lair:5:   guppyfry_lair_end_dragon, layout_gridlike,
          hangedman_lair_caniforms_friends,
          portal_ice_cave_entry_animals_and_master, grunt_megastairs_1
Swamp:1:  nicolae_swamp_long_stream, layout_basic_swamp,
          nicolae_swamp_fairy_circle, uniq_aizul
Swamp:2:  layout_basic_swamp, gammafunk_ghost_mausoleum,
          evilmike_swamp_ruin_house_5
Swamp:3:  layout_basic_swamp, ebering_ghost_funeral_grove,
          evilmike_swamp_ruin_rubble_2, swamp_pool1, nicolae_swamp_oxbows
Swamp:4:  swamp, layout_basic_swamp, swamp_pool5, nicolae_swamp_dense_foliage
Spider:1: layout_spider_delve
Spider:2: gammafunk_sealed_arena, hellmonk_deceptive_appearances, uniq_nikola
Spider:3: layout_spider_delve
Spider:4: spider_rune_water, nicolae_spider_webs_and_nodes,
          nicolae_spider_webbed_stairs
Slime:1:  layout_caves, nicolae_slime_getting_an_eyeful
Slime:2:  layout_caves, special_room [special_room_jelly]
Slime:3:  layout_caves
Slime:4:  layout_caves
Slime:5:  slime_pit_nicolae_jellycorners
Orc:1:    layout_diamond_mine, uniq_gastronok, uniq_nergalle, uniq_erica
Orc:2:    kennysheep_orc_mage_school, layout_diamond_mine, basic_altar,
          uniq_donald, uniq_nessos, uniq_maurice
Elf:1:    nicolae_elf_arrival_fired_up, layout_geoelf_grid, basic_altar,
          minivault_28
Elf:2:    nicolae_elf_blades_splatter_lattice
          [nicolae_blade_entry_splitting_headache], layout_gridlike,
          basic_altar, serial_shops, nicolae_shop_tiny_waterfront,
          nicolae_shop_hallway_stairs, nicolae_stop_n_shop_2, shop,
          nicolae_shop_crystal, grunt_ministairs_3, evilmike_minifort
Elf:3:    minmay_elf_hall_not_hex, layout_geoelf_octagon,
          gammafunk_ghost_abyssal_escape
Vaults:1: hangedman_vaults_restitches, v_misc_24, vaults_dpeg_emergency_exit,
          vaults_mumra_hexcomb, st_more_cells, nicolae_vaults_surprise_closet,
          nicolae_vaults_double_plus_1, nicolae_vaults_stepped_doors,
          layout_vaults_omnicross
Vaults:2: minmay_crypt_entry_necro_gods, nicolae_vaults_angled_halls,
          v_alt_pattern_3, hangedman_vaults_nodes,
          nicolae_vaults_security_offices_1, ontoclasm_vaults_ring_large,
          hangedman_vaults_corner_blocks, grunt_vaults_trifunnel, v_misc_11,
          nicolae_vaults_trapezoid_4, v_pattern_5,
          nicolae_vaults_sealed_display, nicolae_vaults_house_1,
          layout_vaults_omnibox
Vaults:3: nicolae_vaults_shock_wave, grunt_vaults_focal,
          nicolae_vaults_diamond_1, grunt_vaults_hallway_short,
          nicolae_vaults_mini_display_case, layout_vaults_quadrants,
          uniq_frederick
Vaults:4: portal_desolation_entry_garden, nicolae_vaults_frosty_reception,
          vaults_room_fours, nicolae_vaults_taking_the_gang_shopping,
          v_pattern_4, v_misc_10, nicolae_vaults_stairing_the_circle,
          nicolae_vaults_double_plus_3, nicolae_vaults_cochlea,
          nicolae_vaults_trapezoid_3, nicolae_vaults_prndl,
          nicolae_vaults_little_squares_3, nicolae_vaults_apartment_1,
          layout_vaults_maze_bifur, serial_glass, serial_shops, shop, uniq_jory
Vaults:5: uniq_margery
Crypt:1:  layout_catacombs, uniq_saint_roka
Crypt:2:  layout_misc_corridors, uniq_josephina
Crypt:3:  david_glass_crypt, layout_chaotic_city,
          nicolae_tomb_entry_unfolded_pyramid_orthogonal, chequers_big_river,
          minmay_strange_pillars, uniq_zenata
Tomb:1
Tomb:2
Tomb:3
Depths:1: layout_cave_pools, enter_ziggurat_c, lightli_too_deep, serial_shops,
          nicolae_shop_advertising_works [nicolae_subvault_shop_adworks],
          minmay_misc_feat_five, monkooky_shop_mail_order, uniq_sojobo,
          uniq_mara
Depths:2: hellmonk_hyper_hexagons [hex_subvault_uneven, hex_subvault_spokes,
          hex_subvault_channel, hex_subvault_orbs, hex_subvault_filled,
          hex_subvault_one_slice], abyss_entry, pan_entry, hell_entry,
          uniq_asterion
Depths:3: grunt_deathspiral_small, layout_long_grid,
          nicolae_figureground_sparkle, pf_hell_entry_tar_spiral,
          nicolae_abyss_entry_one_way_or_another
Depths:4: grunt_crosshair, layout_gridlike, grunt_hell_entry_dis_grunt,
          nzn_hepliaklqana_mist_gate
Zot:1:    layout_onion

Skill      XL: |  1  2  3  4  5  6  7  8  9 10 11 12 13 14 15 16 17 18 19 20 21 22 23 24 25 26 27 |
---------------+----------------------------------------------------------------------------------+-----
Fighting       | 4 5 6 7 8 9 10 12 13 14 16 17 18 19 20 21 23 | 23.9
Axes           | 3 4 5 6 7 8 9 10 11 12 13 14 15 16 17 18 19 20 21 | 21.9
Armour         | 4 5 6 7 8 10 12 14 16 17 18 19 20 21 22 23 25 | 25.2
Dodging        | 1 2 3 4 5 6 7 8 9 10 11 12 13 14 | 14.8
Shields        | 5 6 7 9 10 11 12 14 15 16 17 18 19 20 21 22 | 22.6
Throwing       | 2 4 6 7 8 9 10 11 12 13 | 13.8
Invocations    | 3 6 7 8 10 11 12 13 14 15 17 | 17.5
Evocations     | 3 5 7 8 9 10 11 13 | 13.6

Action                     |  1- 3 |  4- 6 |  7- 9 | 10-12 | 13-15 | 16-18 | 19-21 | 22-24 | 25-27 || total
---------------------------+-------+-------+-------+-------+-------+-------+-------+-------+-------++-------
  Melee: War axe           |    95 |    58 |   338 |    62 |       |       |       |       |       ||   553
         Unarmed           |       |       |    14 |       |       |       |       |       |       ||    14
         Halberd           |       |       |       |   391 |   138 |       |       |       |       ||   529
         Executioner's axe |       |       |       |       |   234 |   228 |   875 |   721 |  1529 ||  3587
  Throw: Dart              |       |       |     4 |    14 |     6 |     1 |     2 |       |     1 ||    28
         Javelin           |       |       |       |     5 |       |    11 |    17 |    15 |    47 ||    95
 Invoke: Slouch            |       |       |       |       |       |       |     3 |     1 |     2 ||     6
         Step From Time    |       |       |       |       |       |       |     2 |     1 |     8 ||    11
         Bend Time         |       |       |       |       |       |       |       |     1 |       ||     1
Ability: Dig               |       |       |     1 |     3 |     2 |       |     4 |     4 |     8 ||    22
         Shaft Self        |       |       |       |       |       |       |       |       |     1 ||     1
  Evoke: Wand              |       |       |       |       |     1 |     1 |     1 |     8 |     9 ||    20
         Condenser vane    |       |       |       |       |       |     1 |     2 |     3 |     3 ||     9
         Phial of floods   |       |       |       |       |       |       |     1 |     1 |       ||     2
         Phantom mirror    |       |       |       |       |       |       |       |     3 |     2 ||     5
    Use: Potion            |       |     1 |    11 |       |     4 |     2 |    12 |     2 |    20 ||    52
         Scroll            |       |       |     7 |     7 |     7 |     5 |     2 |     2 |     6 ||    36
   Stab: Sleeping          |       |       |     5 |    17 |     6 |       |       |       |       ||    28
         Confused          |       |       |     1 |       |       |       |       |     1 |       ||     2
         Distracted        |       |       |       |     2 |     2 |       |       |       |     1 ||     5
         Invisible         |       |       |       |     1 |       |       |       |     2 |     5 ||     8
         Paralysed         |       |       |       |       |       |       |       |     2 |       ||     2
         Petrifying        |       |       |       |       |       |       |       |       |     1 ||     1
 Armour: Scale mail        |    32 |    22 |   134 |    33 |       |       |       |       |       ||   221
         Skin              |       |       |    26 |       |       |       |       |       |       ||    26
         Ring mail         |       |       |       |    69 |    51 |       |       |       |       ||   120
         Chain mail        |       |       |       |       |     1 |    48 |   264 |   156 |       ||   469
         Crystal plate arm |       |       |       |       |       |       |       |    48 |   586 ||   634
  Dodge: Dodged            |    39 |    27 |   170 |   125 |   144 |    89 |   606 |   392 |   847 ||  2439
  Block: Buckler           |    29 |    13 |   108 |       |       |       |       |       |       ||   150
         Kite shield       |       |       |    69 |   427 |   370 |   239 |  1184 |   780 |  1675 ||  4744

Table legend: (Time is in decaauts)
 A = Elapsed time spent in this place.
 B = Non-inter-level travel time spent in this place.
 C = Inter-level travel time spent in this place.
 D = Time resting spent in this place.
 E = Time spent auto-exploring this place.
 F = Levels seen in this place.
 G = Mean time per level.
                   A        B        C        D        E       F      G
               +--------+--------+--------+--------+--------+-----+--------+
         Total |  87517 |  78580 |   8937 |   4351 |  55390 |  62 | 1411.6 |
       Dungeon |  20877 |  17265 |   3612 |    399 |  12697 |  15 | 1391.8 |
        Temple |     67 |     21 |     46 |      0 |      0 |   1 |   67.0 |
          Lair |  10694 |   9840 |    854 |    365 |   7917 |   5 | 2138.8 |
         Swamp |   5261 |   4856 |    405 |    439 |   3449 |   4 | 1315.2 |
   Spider Nest |   6021 |   5563 |    458 |    302 |   4200 |   4 | 1505.2 |
    Slime Pits |    754 |    726 |     28 |     20 |    222 |   5 |  150.8 |
  Orcish Mines |   2570 |   2265 |    305 |     21 |   1699 |   2 | 1285.0 |
   Elven Halls |   5973 |   5597 |    376 |     92 |   4007 |   3 | 1991.0 |
        Vaults |  13208 |  11776 |   1432 |   1209 |   8311 |   5 | 2641.6 |
         Crypt |   5488 |   5068 |    420 |    157 |   3923 |   3 | 1829.3 |
          Tomb |   2072 |   2020 |     52 |    403 |    946 |   3 |  690.7 |
        Depths |   9079 |   8137 |    942 |    855 |   5237 |   4 | 2269.8 |
           Zot |     23 |     23 |      0 |      0 |      0 |   1 |   23.0 |
         Abyss |    915 |    915 |      0 |      0 |    257 |   2 |  457.5 |
         Sewer |    840 |    840 |      0 |      0 |    576 |   1 |  840.0 |
        Bailey |    396 |    396 |      0 |      0 |    273 |   1 |  396.0 |
      Ice Cave |    646 |    646 |      0 |     25 |    342 |   1 |  646.0 |
    Desolation |   1665 |   1665 |      0 |     12 |   1163 |   1 | 1665.0 |
      Gauntlet |    960 |    960 |      0 |     52 |    170 |   1 |  960.0 |
               +--------+--------+--------+--------+--------+-----+--------+

Top non-repeatable levels by time:
Vaults:4: 3369 daAuts
Vaults:2: 2620 daAuts
Vaults:3: 2581 daAuts
Depths:4: 2538 daAuts
Depths:2: 2423 daAuts
  Lair:5: 2390 daAuts
  Lair:2: 2388 daAuts
   Elf:2: 2348 daAuts
Depths:3: 2323 daAuts
Vaults:1: 2321 daAuts
Vaults:5: 2316 daAuts
 Crypt:1: 2313 daAuts
Spider:4: 2209 daAuts
  Lair:3: 2201 daAuts
   Elf:3: 2101 daAuts
